 Dungeon Crawl Stone Soup version 0.30.0-15-g856e2d3f33 (webtiles) character file.

Game seed: 9331501354323050937

775 Kenran the Carver (level 7, -8/61 HPs)
             Began as a Gargoyle Berserker on May 19, 2023.
             Was a Priest of Trog.
             Mangled by an orc warrior
             ... wielding a +0 halberd
              (11 damage)
             ... on level 6 of the Dungeon.
             The game lasted 00:07:16 (4074 turns).

Kenran the Carver (Gargoyle Berserker)              Turns: 4074, Time: 00:07:16

Health: -8/61      AC: 17    Str: 20    XL:     7   Next: 84%
Magic:  7/7        EV:  6    Int:  8    God:    Trog [***...]
Gold:   164        SH:  0    Dex: 11    Spells: 6/6 levels left

rFire   . . .        e - +0 long sword
rCold   . . .        (no shield)
rNeg    + + .        s - +0 plate armour
rPois   ∞            j - +2 hat
rElec   +            (no cloak)
rCorr   .            (no gloves)
SInv    .            (no boots)
Will    .....        (no amulet) Stlth
                     a - ring of positive energy
HPRegen 0.30/turn    (no ring)
MPRegen 0.10/turn

%: no passive effects
@: berserking, very quick
A: sickness immunity, AC +4, negative energy resistance 1, electricity
resistance, torment resistance 1, petrification resistance
a: Renounce Religion, Berserk, Trog's Hand


You were on level 6 of the Dungeon.
You worshipped Trog.
Trog was most pleased with you.
You visited 1 branch of the dungeon, and saw 6 of its levels.

You collected 249 gold pieces.
You spent 85 gold pieces at shops.

Inventory:

Hand Weapons
 e - a +0 long sword (weapon)
Armour
 j - a +2 hat (worn)
 s - a +0 plate armour (worn)
Jewellery
 a - a ring of positive energy (left hand)
Wands
 r - a wand of digging (3)
 t - a wand of polymorph (5)
Scrolls
 f - a scroll of enchant weapon
 g - a scroll of fog
 k - 3 scrolls of teleportation
 o - a scroll of butterflies
 p - a scroll of noise {unknown}
 q - 2 scrolls of magic mapping
 u - a scroll of fear {unknown}
 x - a scroll of blinking
Potions
 b - 7 potions of curing {@q1}
 c - 3 potions of might {unknown}
 d - 2 potions of lignification {unknown}
 h - a potion of attraction {unknown}
 i - 2 potions of haste {unknown}
 l - 3 potions of heal wounds {unknown}
 m - 3 potions of degeneration {unknown}
 n - 4 potions of berserk rage {unknown}
 v - a potion of cancellation {unknown}
 w - a potion of invisibility {unknown}


   Skills:
 - Level 3.2 Fighting
 + Level 8.2 Long Blades
 - Level 2.1 Armour
 - Level 1.5 Dodging


You had 6 spell levels left.
You didn't know any spells.
Your spell library was empty.

Dungeon Overview and Level Annotations

Branches:
Dungeon (6/15)             Temple (0/1) D:4

Altars:
Gozag
Hepliaklqana
Nemelex Xobeh
Ru
Vehumet
Wu Jian

Shops:
D:6 *


Innate Abilities, Weirdness & Mutations

You are immune to sickness and miasma.
Your stone body is resilient. (AC +4)
You are immune to poison.
You resist negative energy. (rN+)
You are resistant to electric shocks. (rElec)
You are resistant to unholy torment.
You are immune to petrification.


Message History

The orc is almost dead.
The orc hits you but does no damage.
You hit the orc but do no damage.
The orc is almost dead.
The orc closely misses you. The orc warrior barely misses you.
You hit the orc.
You kill the orc!
Trog accepts your kill.
The orc warrior hits you from afar with a +0 halberd!
The orc warrior barely misses you.
Items here: $ ) [ †.
You hit the orc warrior.
The orc warrior is lightly wounded.
The orc warrior hits you but does no damage.
You hit the orc warrior but do no damage.
The orc warrior is lightly wounded.
The orc warrior hits you but does no damage.
You closely miss the orc warrior.
The orc warrior is lightly wounded.
The orc warrior hits you with a +0 halberd!
You closely miss the orc warrior.
The orc warrior is lightly wounded.
The orc warrior hits you with a +0 halberd!
You hit the orc warrior.
The orc warrior is moderately wounded.
The orc warrior hits you with a +0 halberd!
* * * LOW HITPOINT WARNING * * *
A red film seems to cover your vision as you go berserk!
You feel yourself moving faster!
You feel mighty! The orc warrior closely misses you.
You hit the orc warrior.
The orc warrior is moderately wounded.
The orc warrior hits you with a +0 halberd!
* * * LOW HITPOINT WARNING * * *
You closely miss the orc warrior.
The orc warrior is moderately wounded.
You barely miss the orc warrior.
The orc warrior is moderately wounded.
The orc warrior hits you with a +0 halberd!
You die...

≣..≣oo≣≣#
.≣≣...'.##
$≣≣...'..#
≣..≣..≣≣.#
.....≣≣..#
.... ≣o.## ≣≣≣
#o## ≣.. #o#
≣..###@#
≣#...#.#####
≣..........#
≣##..#..ॻ..#
##.#.⚱8⚜.##
#....₪...#
≣≣###.#......#
≣≣#
.............#
≣≣.#
#####...#####


You could see an orc warrior and 2 orcs.

Vanquished Creatures
  Sigmund (D:2)
  An ogre (D:5)
  A phantom (D:5)
  2 scorpions
  3 hounds
  Ijyb (D:4)
  3 iguanas
  6 adders
  A shadow imp (D:6)
  A white imp (D:6)
  An ufetubus (D:6)
  2 worms
  3 dart slugs
  4 orcs
  6 bats
  4 endoplasms
  A giant cockroach (D:1)
  11 goblins
  5 hobgoblins
  10 jackals
  A kobold (D:2)
  2 quokkas
  5 ball pythons
  2 frilled lizards (D:1)
  6 rats
83 creatures vanquished.

Notes
Turn   | Place    | Note
-------+----------+-------------------------------------------
     0 | D:1      | Kenran the Gargoyle Berserker began the quest for the Orb.
     0 | D:1      | Reached XP level 1. HP: 14/14 MP: 1/1
   148 | D:1      | Reached skill level 3 in Long Blades
   190 | D:1      | Reached XP level 2. HP: 19/19 MP: 2/2
   556 | D:1      | Reached XP level 3. HP: 23/23 MP: 3/3
   855 | D:2      | Reached ** piety under Trog
   862 | D:2      | Reached skill level 4 in Long Blades
  1024 | D:2      | Noticed Sigmund
  1042 | D:2      | Killed Sigmund
  1043 | D:2      | Reached skill level 5 in Long Blades
  1043 | D:2      | Reached XP level 4. HP: 28/28 MP: 4/4
  1043 | D:2      | Reached XP level 5. HP: 32/32 MP: 5/5
  1078 | D:2      | You fall into a shaft and drop 2 floors!
  1570 | D:2      | Found a faded altar of an unknown god.
  1667 | D:3      | Reached XP level 6. HP: 36/37 MP: 6/6
  2587 | D:4      | Reached skill level 6 in Long Blades
  2890 | D:4      | Found a staircase to the Ecumenical Temple.
  2956 | D:4      | Noticed Ijyb
  2977 | D:4      | Killed Ijyb
  3047 | D:5      | Entered Level 5 of the Dungeon
  3109 | D:5      | Reached skill level 7 in Long Blades
  3109 | D:5      | Reached XP level 7. HP: 23/41 MP: 7/7
  3422 | D:5      | Reached *** piety under Trog
  3727 | D:6      | Found Poidesad's Assorted Antiques.
  3738 | D:6      | Reached skill level 8 in Long Blades
  3781 | D:6      | Bought a red potion for 27 gold pieces
  3781 | D:6      | Bought a scroll labelled XERGHU USAMOF for 31 gold pieces
  3781 | D:6      | Bought a puce potion for 27 gold pieces
  3803 | D:6      | Found a radiant altar of Vehumet.
  3943 | D:6      | Found a sacrificial altar of Ru.
  3973 | D:6      | Found a hazy altar of Hepliaklqana.
  3974 | D:6      | Found an opulent altar of Gozag.
  3974 | D:6      | Found a sparkling altar of Nemelex Xobeh.
  3974 | D:6      | Found an ornate altar of the Wu Jian Council.
  4072 | D:6      | HP: 3/61 [orc warrior/+0 halberd (7)]
  4074 | D:6      | Mangled by an orc warrior

Illustrated notes

Levels and vault maps discovered:
D:1:      elethiomel_arrival_quiet, layout_loops_ring
D:2:      layout_rooms, ebering_ecumenical_altar_hall, uniq_sigmund
D:3:      layout_basic, item_on_display_a
D:4:      layout_gridville, temple_hall, columned_hall_lemuel,
          serial_bayou_pond_a, uniq_ijyb
D:5:      layout_rooms, serial_bayou_lake_a
D:6:      minmay_polygon_palace, layout_rooms, nicolae_overflow_crystal_walls,
          nicolae_vehumet_altar_sigil,
          chequers_temple_overflow_statue_of_worship, serial_shops,
          nicolae_shop_tiny_glass

Skill      XL: |  1  2  3  4  5  6  7 |
---------------+----------------------+-----
Long Blades    | 3 5 7 8 |  8.2
Fighting       | |  3.2
Armour         | |  2.1
Dodging        | |  1.5

Action                     |  1- 3 |  4- 6 |  7- 9 || total
---------------------------+-------+-------+-------++-------
  Melee: Falchion          |   142 |    53 |       ||   195
         Punch             |     3 |     1 |     1 ||     5
         Long sword        |       |    68 |   118 ||   186
         Unarmed           |       |    15 |       ||    15
 Invoke: Berserk           |     2 |     2 |     1 ||     5
    Use: Scroll            |       |     6 |     3 ||     9
 Armour: Ring mail         |    67 |    39 |       ||   106
         Animal skin       |     2 |       |       ||     2
         Plate armour      |       |    48 |    76 ||   124
         Skin              |       |     3 |       ||     3
  Dodge: Dodged            |    90 |    75 |    38 ||   203
